 Dungeon Crawl Stone Soup version 0.26-a0-611-g354ed81 (webtiles) character file.

Game seed: 149650440791065797

297 B1Gdaddy5 the Cudgeler (level 6, -2/38 HPs)
             Began as a Gargoyle Berserker on Sept 5, 2020.
             Was a Priest of Trog.
             Slain by N458's ghost (4 damage)
             ... on level 4 of the Dungeon.
             The game lasted 00:23:40 (3542 turns).

B1Gdaddy5 the Cudgeler (Gargoyle Berserker)         Turns: 3542, Time: 00:23:40

Health: -2/38      AC: 14    Str: 22 (23) XL:     6   Next: 35%
Magic:  6/6        EV:  4    Int:  4 (7)  God:    Trog [***...]
Gold:   160        SH:  0    Dex:  6 (9)  Spells: 5/5 levels left

rFire    . . .     SeeInvis .   a - +0 mace
rCold    + + .     Faith    .   (no shield)
rNeg     + . .     Spirit   .   l - +0 chain mail
rPois    ∞         Reflect  .   g - +0 helmet
rElec    +         Harm     .   (no cloak)
rCorr    +                      (no gloves)
MR       .....                  (no boots)
Stlth    ..........             (no amulet)
HPRegen  0.12/turn              e - ring of ice
MPRegen  0.10/turn              t - -4 ring of evasion (curse)

@: resistant, berserk cooldown, very slightly contaminated, invisible, very slow
A: negative energy resistance 1, electricity resistance, unbreathing,
petrification resistance, rot immunity, AC +4
a: Berserk, Trog's Hand, Renounce Religion


You were on level 4 of the Dungeon.
You worshipped Trog.
Trog was most pleased with you.
You visited 1 branch of the dungeon, and saw 4 of its levels.

You collected 160 gold pieces.

Inventory:

Hand Weapons
 a - a +0 mace (weapon)
 k - a +0 flail
Armour
 g - a +0 helmet (worn)
 l - a +0 chain mail (worn)
Jewellery
 e - a ring of ice (left hand)
 t - a cursed -4 ring of evasion (right hand)
Scrolls
 i - a scroll of blinking {unknown}
 m - 3 scrolls of remove curse {unknown}
 n - a scroll of random uselessness {unknown}
 o - 2 scrolls of teleportation {unknown}
 p - a scroll of immolation {unknown}
Potions
 b - a potion of curing {unknown}
 f - a potion of flight {unknown}
 q - a potion of lignification {unknown}
 r - 2 potions of stabbing


   Skills:
 + Level 4.2 Fighting
 + Level 5.6 Maces & Flails
 + Level 2.9 Armour
 + Level 2.5 Dodging
 + Level 0.4 Stealth


You had 5 spell levels left.
You didn't know any spells.
Your spell library contained the following spells:

 Spells                   Type           Power        Failure   Level
 Magic Dart               Conj           #...         99%         1
 Blink                    Tloc           N/A          100%        2
 Call Imp                 Summ           #.......     100%        2
 Slow                     Hex            #.......     100%        2
 Conjure Flame            Conj/Fire      #.......     100%        3
 Mephitic Cloud           Conj/Pois/Air  #.......     100%        3


Dungeon Overview and Level Annotations

Branches:
Dungeon (4/15)
 Temple: D:4-7

Altars:
Gozag
Okawaru
Yredelemnul

Annotations:
D:4 N458's ghost, amateur DENe


Innate Abilities, Weirdness & Mutations

You are resistant to torment.
Your stone body is resilient. (AC +4)
You are immune to poison.
You resist negative energy. (rN+)
You are resistant to electric shocks. (rElec)
You can survive without breathing.
You are immune to petrification.
You are immune to rotting.


Message History

Pain shoots through your body!
* * * LOW HITPOINT WARNING * * *
The river rat bites you but does no damage.
You hit the river rat.
You kill the river rat!
Trog accepts your kill.
N458's ghost hits you but does no damage.
N458's ghost closely misses you.
You feel protected. N458's ghost hits you.
* * * LOW HITPOINT WARNING * * *
You fade into invisibility!
N458's ghost hits you but does no damage.
You are very lightly contaminated with residual magic.
You fade further into invisibility.
N458's ghost hits you but does no damage.
You hit N458's ghost but do no damage.
N458's ghost is severely damaged.
N458's ghost hits you.
You die...

#### #..## #...# #...#
#...# #########..######
≈≈≈≈≈≈≈≈#..#....#
≈≈≈?≈≈≈W)........
≈≈≈≈≈≈≈@#........
.###########........ .
........................ #
#....###.##'######..####
###....###+##.######..#
..#................#......
).#............>...#.....
..#................#......
..#................#......


You could see N458's ghost.

Vanquished Creatures
  2 orc priests
  An orc wizard (D:4)
  Terence (D:2)
  A worker ant (D:2)
  Robin (D:2)
  2 river rats (D:4)
  2 adders (D:2)
  An adder skeleton (D:4)
  3 worms
  4 dart slugs
  2 leopard geckos
  6 orcs
  7 bats
  A giant cockroach (D:3)
  14 goblins
  7 hobgoblins
  16 jackals
  5 kobolds
  A ball python (D:4)
  5 frilled lizards
  2 rats
84 creatures vanquished.

Notes
Turn   | Place    | Note
-------+----------+-------------------------------------------
     0 | D:1      | B1Gdaddy5 the Gargoyle Berserker began the quest for the
                  | Orb.
     0 | D:1      | Reached XP level 1. HP: 14/14 MP: 1/1
   108 | D:1      | Reached XP level 2. HP: 11/19 MP: 2/2
   598 | D:1      | Reached XP level 3. HP: 23/23 MP: 3/3
   741 | D:1      | Reached ** piety under Trog
  1229 | D:2      | Noticed Robin
  1258 | D:2      | Killed Robin
  1258 | D:2      | Reached skill level 4 in Maces & Flails
  1258 | D:2      | Reached XP level 4. HP: 20/29 MP: 4/4
  1824 | D:2      | Noticed Terence
  1833 | D:2      | Killed Terence
  1833 | D:2      | Reached XP level 5. HP: 33/33 MP: 5/5
  1879 | D:2      | You fall into a shaft and drop 1 floor!
  2157 | D:2      | Found an iron altar of Okawaru.
  2593 | D:3      | Reached skill level 5 in Maces & Flails
  2644 | D:3      | Found an opulent altar of Gozag.
  3127 | D:4      | Found a basalt altar of Yredelemnul.
  3177 | D:4      | Reached *** piety under Trog
  3361 | D:4      | Reached XP level 6. HP: 18/38 MP: 6/6
  3493 | D:4      | Found a runed translucent door.
  3493 | D:4      | Noticed N458's ghost (amateur DENe)
  3542 | D:4      | Slain by N458's ghost

Illustrated notes

Levels and vault maps discovered:
D:1:      lemuel_arrival_tunnels, layout_basic
D:2:      layout_basic, chequers_serial_rivers_small_b,
          okawaru_metal_pillars_1_2, uniq_terence, uniq_robin
D:3:      layout_loops_corners, grunt_gozag_statues
D:4:      layout_gridville, yredelemnul_altar_generic, ebering_ghost_sewer_f,
          enter_ossuary_3

Skill      XL: |  1  2  3  4  5 |
---------------+----------------+-----
Dodging        | 2 |  2.5
Maces & Flails | 4 5 |  5.6
Fighting       | 4 |  4.2
Armour         | |  2.9
Stealth        | |  0.4

Action                   |  1- 3 |  4- 6 || total
-------------------------+-------+-------++-------
Melee: Mace              |   133 |   173 ||   306
Invok: Berserk           |     3 |     7 ||    10
       Trog's Hand       |     2 |     3 ||     5
  Use: Scroll            |       |     4 ||     4
       Potion            |       |     6 ||     6
Armor: Animal skin       |    57 |    16 ||    73
       Chain mail        |       |   168 ||   168
Dodge: Dodged            |    98 |    95 ||   193

Table legend: (Time is in decaauts)
 A = Elapsed time spent in this place.
 B = Non-inter-level travel time spent in this place.
 C = Inter-level travel time spent in this place.
 D = Time resting spent in this place.
 E = Time spent auto-exploring this place.
 F = Levels seen in this place.
 G = Mean time per level.
                   A        B        C        D        E       F      G
               +--------+--------+--------+--------+--------+-----+--------+
         Total |   3697 |   3597 |    100 |    445 |   2121 |   4 |  924.2 |
       Dungeon |   3697 |   3597 |    100 |    445 |   2121 |   4 |  924.2 |
               +--------+--------+--------+--------+--------+-----+--------+

Top non-repeatable levels by time:
     D:1: 1241 daAuts
     D:2: 1029 daAuts
     D:3: 961 daAuts
     D:4: 464 daAuts
